 Dungeon Crawl Stone Soup version 0.20.1-1-g8b1a95d (webtiles) character file.

4990 septik the Basher (level 10, -6/64 HPs)
             Began as a Gargoyle Fighter on July 7, 2017.
             Mangled by a death yak (11 damage)
             ... on level 9 of the Dungeon.
             The game lasted 00:19:09 (7473 turns).

septik the Basher (Gargoyle Fighter)                Turns: 7473, Time: 00:19:10

Health: -6/64      AC: 23    Str: 22    XL:     10   Next: 54%
Magic:  10/10      EV:  8    Int:  8    God:
Gold:   370        SH:  9    Dex: 11    Spells: 9/9 levels left

rFire    . . .     SeeInvis .   G - +2 whip (elec)
rCold    . . .     Gourm    .   c - +0 shield
rNeg     + + .     Faith    .   K - +0 chain mail
rPois    ∞         Spirit   .   s - +1 helmet
rElec    +         Reflect  .   C - +0 cloak
rCorr    .         Harm     .   p - +0 pair of gloves
MR       .....                  (no boots)
Stlth    ..........             (no amulet)
Regen    0.2/turn               h - ring of positive energy
MPRegen  0.2/turn               (no ring)

@: no status effects
A: negative energy resistance 1, electricity resistance, unbreathing,
petrification resistance, rot immunity, AC +7
a: no special abilities


You were on level 9 of the Dungeon.
You were not hungry.

You visited 2 branches of the dungeon, and saw 10 of its levels.

You collected 370 gold pieces.

Inventory:

Hand Weapons
 a - a +0 war axe
 G - a +2 whip of electrocution (weapon)
 T - a +1 hand axe of flaming
 U - a +1 battleaxe of chopping
Missiles
 e - 205 stones (quivered)
Armour
 c - a +0 shield (worn)
 p - a +0 pair of gloves (worn)
 s - a +1 helmet (worn)
 C - a +0 cloak (worn)
 D - a scarf of repulsion
 K - a +0 chain mail (worn)
Jewellery
 h - a ring of positive energy (left hand)
 w - an uncursed amulet of faith {unknown}
 E - an uncursed ring of positive energy
 S - an uncursed ring of positive energy
Wands
 y - a wand of lightning (4/15)
 B - a wand of random effects (8/48)
 P - a wand of confusion (26/48)
 R - a wand of disintegration (13/24)
 V - a wand of digging (10/24)
Scrolls
 b - 3 scrolls of vulnerability {unknown}
 i - 9 scrolls of identify {unknown}
 o - a scroll of immolation {unknown}
 q - 5 scrolls of remove curse
 t - 2 scrolls of enchant armour {unknown}
 u - 2 scrolls of fog {unknown}
 A - 4 scrolls of teleportation {unknown}
 H - a scroll of enchant weapon {unknown}
 J - a scroll of silence {unknown}
 M - a scroll of random uselessness {unknown}
 N - a scroll of blinking {unknown}
Potions
 d - 4 potions of might
 j - 3 potions of flight {unknown}
 k - 3 potions of agility {unknown}
 l - 3 potions of heal wounds {unknown}
 m - 2 potions of resistance {unknown}
 n - a potion of haste {unknown}
 r - 2 potions of degeneration {unknown}
 v - a potion of magic {unknown}
 x - a potion of experience {unknown}
 F - 2 potions of berserk rage {unknown}
 O - a potion of brilliance {unknown}
Books
 I - a book of Misfortune

   Spells                             Type                      Level
   a - Confusing Touch                Hexes                        1
   b - Confuse                        Hexes                        3
   c - Gell's Gravitas                Translocation                3
   d - Petrify                        Transmutation/Earth          4
   e - Metabolic Englaciation         Hexes/Ice                    5
   f - Yara's Violent Unravelling     Hexes/Transmutation          5
 Q - a book of Geomancy

   Spells                             Type                      Level
   a - Sandblast                      Earth                        1
   b - Passwall                       Transmutation/Earth          2
   c - Stone Arrow                    Conjuration/Earth            3
   d - Petrify                        Transmutation/Earth          4
   e - Lee's Rapid Deconstruction     Earth                        5
Comestibles
 f - 7 bread rations
 g - 17 fruits
 z - 3 meat rations
 L - 5 royal jellies


   Skills:
 + Level 8.1 Fighting
 - Level 3.8(6.5) Axes
 * Level 9.1(9.5) Maces & Flails
 + Level 8.1 Armour
 + Level 5.3 Dodging
 - Level 3.2 Shields


You had 9 spell levels left.
You didn't know any spells.

Dungeon Overview and Level Annotations

Branches:
Dungeon (9/15)             Temple (1/1) D:4            Lair (0/6) D:9
    Orc: D:9-12

Altars:
Ashenzari
Cheibriados
Dithmenos
Elyvilon
Fedhas
Gozag
Hepliaklqana
Kikubaaqudgha
Nemelex Xobeh
Qazlal
Ru
Sif Muna
Trog
Uskayaw
Vehumet
Xom
Yredelemnul
Zin
The Shining One

Shops:
D:4 }   D:9 *


Innate Abilities, Weirdness & Mutations

You are resistant to torment.
Your stone body is resilient. (AC +7)
You are immune to poison.
You resist negative energy. (rN+)
You are resistant to electric shocks. (rElec)
You can survive without breathing.
You are immune to petrification.
You are immune to rotting.


Message History

You are too injured to fight recklessly!
You are too injured to fight recklessly!
You hit the death yak.
Lightning courses through the death yak!
The death yak is heavily wounded.
The death yak gores you but does no damage.
The death yak snorts and paws the ground.
Your shield and chain mail prevent you from hitting the death yak.
The death yak is heavily wounded.
You hit the death yak but do no damage.
The death yak is heavily wounded.
The death yak gores you but does no damage.
You hit the death yak.
The death yak is heavily wounded.
The death yak gores you!
* * * LOW HITPOINT WARNING * * *
You barely miss the death yak.
The death yak is heavily wounded.
The death yak gores you!
You die...

##.###########.#############
#...............#
###########....## #.#### #.#
#.# #.# #.# #@# #Y#
#Y########. #YY..Y.....
#YY........ #.....YY...
#.........# #....##Y>.#
#..... ....


You could see 6 death yaks.

Vanquished Creatures
  A hydra (D:8)
  A hornet (D:8)
  A hippogriff (D:7)
  2 dream sheep (D:8)
  2 yaks (D:8)
  A hungry ghost (D:8)
  Menkaure (D:7)
  Duvessa (D:7)
  A black bear (D:8)
  2 sky beasts
  3 phantoms
  4 ogres
  3 centaurs
  3 big kobolds (D:8)
  2 bullfrogs (D:7)
  Dowan (D:7)
  5 killer bees
  A crimson imp (D:9)
  2 quasits (D:6)
  A bullfrog zombie (D:6)
  2 centaur zombies
  4 hounds
  3 jellies
  4 orc priests
  A centaur skeleton (D:6)
  3 bullfrog skeletons
  3 orc wizards
  Ijyb (D:4)
  Jessica (D:3)
  Terence (D:3)
  4 worker ants
  A hound zombie (D:8)
  5 hound skeletons
  Robin (D:3)
  4 gnolls (D:2)
  5 adders
  3 oozes
  3 adder zombies
  A worm (D:4)
  7 dart slugs
  2 leopard geckos
  13 orcs
  A ball python (D:1)
  4 giant cockroaches
  8 goblins
  9 hobgoblins
  8 jackals
  4 quokkas
  8 bats
  2 frilled lizards
  2 kobolds (D:1)
  A leopard gecko zombie (D:7)
  A quokka zombie (D:8)
  10 rats
168 creatures vanquished.

Notes
Turn   | Place    | Note
-------+----------+-------------------------------------------
     0 | D:1      | septik the Gargoyle Fighter began the quest for the Orb.
     0 | D:1      | Reached XP level 1. HP: 14/14 MP: 1/1
    88 | D:1      | Reached XP level 2. HP: 19/19 MP: 2/2
   441 | D:1      | Reached XP level 3. HP: 23/23 MP: 3/3
   894 | D:2      | Reached skill level 1 in Dodging
  1025 | D:2      | Reached XP level 4. HP: 29/29 MP: 4/4
  1285 | D:2      | Reached XP level 5. HP: 33/33 MP: 5/5
  1608 | D:3      | Noticed Terence
  1623 | D:3      | Killed Terence
  1840 | D:3      | Noticed Robin
  1857 | D:3      | Killed Robin
  2158 | D:3      | Noticed Jessica
  2166 | D:3      | Killed Jessica
  2431 | D:4      | Reached XP level 6. HP: 38/38 MP: 6/6
  2476 | D:4      | Found Jazuid's Gadget Boutique.
  2507 | D:4      | Found an opulent altar of Gozag.
  2520 | D:4      | Noticed Ijyb
  2530 | D:4      | Killed Ijyb
  2530 | D:4      | Reached skill level 1 in Maces & Flails
  2693 | D:4      | Found a staircase to the Ecumenical Temple.
  2699 | Temple   | Entered the Ecumenical Temple
  3229 | D:5      | Entered Level 5 of the Dungeon
  3240 | D:5      | Reached skill level 2 in Maces & Flails
  3258 | D:5      | Reached XP level 7. HP: 31/44 MP: 7/7
  3564 | D:5      | Reached skill level 3 in Maces & Flails
  3732 | D:5      | Reached skill level 5 in Armour
  3960 | D:6      | Reached skill level 5 in Fighting
  4091 | D:6      | Reached skill level 4 in Maces & Flails
  4148 | D:6      | Reached XP level 8. HP: 49/49 MP: 8/8
  4593 | D:6      | Reached skill level 5 in Maces & Flails
  4962 | D:6      | Found a blossoming altar of Fedhas.
  5115 | D:7      | Noticed Duvessa
  5117 | D:7      | Noticed Dowan
  5128 | D:7      | Killed Duvessa
  5138 | D:7      | Killed Dowan
  5138 | D:7      | Reached skill level 6 in Maces & Flails
  5199 | D:7      | Noticed Menkaure
  5203 | D:7      | Killed Menkaure
  5203 | D:7      | Reached XP level 9. HP: 52/55 MP: 9/9
  5531 | D:7      | Reached skill level 7 in Maces & Flails
  6428 | D:8      | Reached skill level 8 in Maces & Flails
  6428 | D:8      | Reached XP level 10. HP: 29/63 MP: 10/10
  6692 | D:8      | Noticed a three-headed hydra
  6716 | D:8      | Killed a three-headed hydra
  6716 | D:8      | Reached skill level 5 in Dodging
  6720 | D:8      | Reached skill level 9 in Maces & Flails
  7364 | D:9      | Found Diwuxt's General Store.
  7453 | D:9      | Found a staircase to the Lair.
  7453 | D:9      | Noticed a death yak
  7453 | D:9      | Noticed a death yak
  7455 | D:9      | Noticed a death yak
  7455 | D:9      | Noticed a death yak
  7455 | D:9      | Noticed a death yak
  7456 | D:9      | Noticed a death yak
  7468 | D:9      | Noticed a death yak
  7473 | D:9      | Mangled by a death yak

Skill      XL: |  1  2  3  4  5  6  7  8  9 10 |
---------------+-------------------------------+-----
Axes           | 2 3 |  3.8
Dodging        | 1 2 3 4 5 |  5.3
Fighting       | 4 5 6 7 8 |  8.1
Armour         | 4 5 6 7 8 |  8.1
Maces & Flails | 2 4 6 8 9 |  9.1
Shields        | |  3.2

Action                   |  1- 3 |  4- 6 |  7- 9 | 10-12 || total
-------------------------+-------+-------+-------+-------++-------
Melee: War axe           |    74 |   126 |       |       ||   200
       Whip              |       |    52 |   432 |   124 ||   608
  Use: Scroll            |     1 |       |       |       ||     1
  Eat: Chunk             |       |     8 |    12 |     1 ||    21
       Bread ration      |       |       |       |     1 ||     1
       Fruit             |       |       |       |     1 ||     1
Armor: Scale mail        |    56 |    85 |    11 |       ||   152
       Chain mail        |       |       |   286 |    52 ||   338
Dodge: Dodged            |    19 |    44 |   130 |    22 ||   215
Block: Shield            |    32 |   104 |   210 |    31 ||   377
